 Dungeon Crawl Stone Soup version 0.29-a0-775-g4d7333d4e2 (webtiles) character file.

Game seed: 15936572594931854681

88916 purpskrrrp the Bludgeoner (level 15, -2/105 HPs)
             Began as a Hill Orc Delver on July 1, 2022.
             Was the Champion of Beogh.
             Slain by a fenstrider witch
             ... wielding a +0 great sword of holy wrath
              (19 damage)
             ... on level 1 of the Swamp.
             The game lasted 04:23:35 (36396 turns).

purpskrrrp the Bludgeoner (Hill Orc Delver)        Turns: 36396, Time: 04:23:36

Health: -2/105     AC: 28    Str: 27    XL:     15   Next: 95%
Magic:  25/25      EV:  8    Int: 13    God:    Beogh [******]
Gold:   983        SH:  0    Dex: 14    Spells: 8/14 levels left

rFire   + . .      SeeInvis +   i - +2 eveningstar of Lust {venom, Fragile Will+ Int+3 Stlth+}
rCold   + + .      Faith    +   X - +5 kite shield {rC+}
rNeg    . . .      Spirit   .   W - +10 plate armour {ponderous}
rPois   .          Reflect  .   (no helmet)
rElec   +          Harm     .   J - scarf {rC+ rF+}
rCorr   .          Rampage  .   K - +0 pair of gloves
Will    ++...                   V - +0 pair of boots
Stlth   ..........              e - amulet of faith
HPRegen 0.27/turn               v - ring of see invisible
MPRegen 0.19/turn               t - +6 ring of strength

@: confused, ambrosia-drunk, studying 2 skills, slow
A: walk on water, frail 2, electricity resistance
a: Renounce Religion, Smiting, Recall Orcish Followers, Give Item to Named
Follower, Resurrection


You were on level 1 of the Swamp.
You worshipped Beogh.
Beogh was exalted by your worship.
You visited 5 branches of the dungeon, and saw 24 of its levels.
You also visited: Sewer, Ice Cave and Volcano.

You collected 1959 gold pieces.
You spent 976 gold pieces at shops.

Inventory:

Hand Weapons
 i - the +2 eveningstar of Lust (weapon) {venom, Fragile Will+ Int+3 Stlth+}
   (You acquired it on level 12 of the Dungeon)

   It poisons the flesh of those it strikes.
   Int:       It affects your intelligence (+3).
   Fragile:   It will be destroyed if unequipped.
   Will:      It increases your willpower.
   Stlth:     It makes you more stealthy.
 y - the +10 dark maul {vorpal}
   (You found it on level 4 of the Lair of Beasts)

   It inflicts extra damage upon your enemies.
 S - a +4 demon trident of draining
Missiles
 h - 6 poisoned darts (quivered)
 T - 3 silver javelins
 U - 3 throwing nets
Armour
 J - a scarf of resistance (worn)
 K - a +0 pair of gloves (worn)
 V - a +0 pair of boots (worn)
 W - a +10 plate armour of ponderousness (worn)
 X - a +5 kite shield of cold resistance (worn)
Jewellery
 a - an amulet of guardian spirit
 b - the ring "Kiocoe" {Fly Will+ Int+9 Dex-2}
   (You found it on level 6 of the Lair of Beasts)

   [ring of willpower]

   Int:       It affects your intelligence (+9).
   Dex:       It affects your dexterity (-2).
   Fly:       It grants you flight.
   Will:      It increases your willpower.
 e - an amulet of faith (around neck)
 t - a +6 ring of strength (right hand)
 v - a ring of see invisible (left hand)
 D - a +4 ring of protection
 I - a +4 ring of evasion
Wands
 g - a wand of digging (4)
 E - a wand of mindburst (10)
 O - a wand of iceblast (9)
 P - a wand of flame (21)
 Q - a wand of polymorph (3)
Scrolls
 c - 3 scrolls of fog
 j - 5 scrolls of immolation
 n - 10 scrolls of teleportation
 p - a scroll of fear
 r - a scroll of enchant weapon
 w - 2 scrolls of poison
 z - a scroll of blinking
 N - a scroll of brand weapon
 R - 6 scrolls of silence
Potions
 d - 2 potions of might
 f - 2 potions of haste
 k - 5 potions of curing
 l - 3 potions of resistance
 o - 5 potions of flight
 s - a potion of degeneration
 u - 5 potions of invisibility
 x - 8 potions of brilliance
 A - 3 potions of magic
 B - a potion of berserk rage
 C - 3 potions of cancellation
 F - a potion of ambrosia
 G - 4 potions of lignification
 L - 2 potions of attraction
Miscellaneous
 m - a lightning rod (4/4)
 q - a piece from Xom's chessboard (15/15)


   Skills:
 - Level 12.1 Fighting
 - Level 2.8 Long Blades
 + Level 5.0(15.0) Axes
 * Level 18.4(18.6) Maces & Flails
 - Level 5.1 Throwing
 - Level 12.2 Armour
 + Level 4.9 Dodging
 - Level 6.3 Stealth
 - Level 8.7 Shields
 - Level 14.1 Invocations
 - Level 1.2 Evocations


You had 8 spell levels left.
You knew the following spells:

 Your Spells              Type           Power      Damage    Failure   Level
a - Mephitic Cloud        Conj/Pois/Air  0%         N/A       100%        3
b - Stone Arrow           Conj/Erth      0%         3d7       100%        3

Your spell library contained the following spells:

 Spells                   Type           Power      Damage    Failure   Level
 Magic Dart               Conj           0%         1d3       99%         1
 Sandblast                Erth           0%         2d4       99%         1
 Ensorcelled Hibernation  Hex/Ice        0%         N/A       100%        2
 Passwall                 Tmut/Erth      0%         N/A       100%        2
 Poisonous Vapours        Pois/Air       0%         N/A       100%        2
 Scorch                   Fire           0%         2d5       100%        2
 Searing Ray              Conj           0%         2d4       100%        2
 Dazzling Flash           Conj/Hex       0%         N/A       100%        3
 Ignite Poison            Fire/Tmut/Pois 0%         N/A       100%        3
 Ozocubu's Armour         Ice            0%         N/A       100%        3
 Spider Form              Tmut/Pois      0%         N/A       100%        3
 Swiftness                Air            0%         N/A       100%        3
 Anguish                  Hex/Necr       0%         N/A       100%        4
 Corpse Rot               Necr/Pois/Air  0%         N/A       100%        4
 Flame Wave               Conj/Fire      0%         2d4       100%        4
 Fulminant Prism          Conj/Hex       0%         3d6       100%        4
 Iskenderun's Mystic Bla  Conj/Tloc      0%         2d3       100%        4
 Agony                    Necr           0%         N/A       100%        5
 Blade Hands              Tmut           0%         N/A       100%        5
 Freezing Cloud           Conj/Ice/Air   0%         6-21      100%        5
 Irradiate                Conj/Tmut      0%         3d13      100%        5
 Metabolic Englaciation   Hex/Ice        0%         N/A       100%        5
 Silence                  Hex/Air        0%         N/A       100%        5
 Simulacrum               Ice/Necr       0%         N/A       100%        6
 Starburst                Conj/Fire      0%         6d3       100%        6
 Summon Cactus Giant      Summ           0%         N/A       100%        6
 Dragon Form              Tmut           0%         N/A       100%        7
 Enfeeble                 Hex            0%         N/A       100%        7
 Ozocubu's Refrigeration  Ice            0%         4d5       100%        7
 Polar Vortex             Ice            0%         N/A       100%        9


Dungeon Overview and Level Annotations

Branches:
Dungeon (14/15)            Temple (0/1) D:5            Lair (6/6) D:11
  Swamp (1/4) Lair:2       Spider (0/4) Lair:2        Slime (1/5) Lair:5
    Orc (2/2) D:12            Elf (0/3) Orc:2        Vaults (0/5) D:13
  Sewer (visited)           IceCv (visited)         Volcano (visited)

Altars:
Ashenzari
Cheibriados
Dithmenos
Fedhas
Gozag
Kikubaaqudgha
Okawaru
Qazlal
Sif Muna
Trog
Uskayaw
Vehumet
Wu Jian
Xom
Yredelemnul
Zin
The Shining One
Beogh
Jiyva

Shops:
D:2 (   D:11 :   D:12 ![   Orc:1 [   Orc:2 *?[?


Innate Abilities, Weirdness & Mutations

You can walk on water.
You are very frail. (-20% HP)
You are resistant to electric shocks. (rElec)


Message History

You throw a poisoned dart.
The poisoned dart hits the fenstrider witch!
The fenstrider witch looks as sick as possible!
You hear a splash.
Wargath unwields a +1 arbalest of freezing.
Wargath wields a +6 dire flail of chaos.
It is briefly surrounded by a scintillating aura of random colours.
Wargath splashes around in the water.
The seven-headed hydra bites Wargath.
The seven-headed hydra bites Wargath but does no damage. x2
The seven-headed hydra bites Wargath. x2; The seven-headed hydra bites Wargath!
The seven-headed hydra bites Wargath.
You closely miss the fenstrider witch.
The fenstrider witch is lightly wounded.
The seven-headed hydra barely misses Wargath.
The seven-headed hydra bites Wargath.
The seven-headed hydra bites Wargath!
The seven-headed hydra bites Wargath. x2
The seven-headed hydra closely misses Wargath.
The seven-headed hydra bites Wargath but does no damage.
Wargath hits the seven-headed hydra with a +6 dire flail of chaos!!
The fenstrider witch points at you and mumbles some strange words.
Your body is wracked with pain!
* * * LOW HITPOINT WARNING * * *
You are too injured to fight recklessly!
You are too injured to fight recklessly!
Hit: i) +2 eveningstar of Lust {venom, Fragile Will+ Int+3 Stlth+}
Press: ? - help, Dir - move target, f/p - fenstrider witch
Aim: a fenstrider witch, wielding a +0 great sword of holy wrath and wearing a +0 robe (lightly wounded, extremely poisoned, about 40% to evade the +2 eveningstar of Lust)
You bludgeon the fenstrider witch!!
The fenstrider witch is moderately wounded.
The fenstrider witch hits you with a +0 great sword of holy wrath!
* * * LOW HITPOINT WARNING * * *
The fenstrider witch barely misses you.
Wargath splashes around in the water.
The seven-headed hydra bites Wargath but does no damage.
The seven-headed hydra bites Wargath. x3; The seven-headed hydra bites Wargath!
The seven-headed hydra bites Wargath but does no damage.
The seven-headed hydra bites Wargath.
You are confused.
You feel invigorated.
The fenstrider witch hits you with a +0 great sword of holy wrath!!
You die...

♣..≈....≈.≈§..≈≈≈≈
♣..≈≈≈.♣.≈≈..≈≈≈≈≈
♣≈.≈≈≈.♣≈≈≈≈≈≈≈≈≈.
♣♣♣♣≈..♣.≈....♣.≈♣ ♣♣♣♣
♣♣♣.....≈♣♣♣♣♣♣
♣♣≈.≈♣♣♣♣ ♣≈♣≈♣♣♣♣
§....≈♣≈♣♣♣♣≈♣♣♣
...≈≈.....♣♣♣≈.♣♣
...≈≈≈§@).......♣♣♣♣♣
≈..≈≈≈H).≈♣........≈♣
≈..≈≈(o)≈♣≈.≈....≈≈.♣♣♣♣
≈≈≈≈≈D≈≈.♣♣≈.....≈≈≈≈...
≈≈≈..≈≈≈.≈♣♣♣♣..≈≈≈.♣≈≈≈
((..≈≈§≈≈≈♣ ♣.≈.≈.♣♣≈†≈
(...≈§§§.♣♣ ♣...§♣♣..≈≈
(≈≈≈.≈≈≈≈♣ ♣♣♣♣♣♣≈.♣..
♣.≈.≈♣♣♣♣.


You could see a seven-headed hydra (ally target), a fenstrider witch (very
poisoned) and the friendly Wargath the orc warlord.

Vanquished Creatures
  An acid blob (Lair:5)
  The ghost of zishaf the Black Sun, a journeyman HuNe of Kikubaaqudgha (Orc:2)
  A bunyip (Swamp:1)
  2 dire elephants (Lair:6)
  A red draconian (Volcano)
  Josephine (D:10)
  Harold (D:9)
  4 hydras
  Fannar (D:10)
  A centaur warrior (D:14)
  A boulder beetle (Lair:2)
  2 dancing weapons (D:7)
  An alligator (Swamp:1)
  10 death yaks
  An orc high priest (Orc:2)
  Nergalle (Lair:2)
  A spectral death yak (Lair:6)
  2 goliath frogs (Swamp:1)
  An orb spider (Lair:2)
  A salamander mystic (Volcano)
  A spectral anaconda (Lair:6)
  2 bog bodies
  2 necromancers (Lair:6)
  A wizard (D:13)
  A lindwurm (Lair:2)
  An obsidian statue (Lair:6)
  2 orc knights
  2 orc sorcerers (Orc:2)
  A cyclops (D:13)
  A deep elf pyromancer (D:12)
  4 salamanders (Volcano)
  10 elephants
  2 black mambas
  Joseph (D:10)
  Maurice (D:10)
  An unseen horror (D:10)
  2 gargoyles
  4 cane toads
  Maggie (D:7)
  3 rime drakes (IceCv)
  3 komodo dragons
  An efreet (D:13)
  6 trolls
  A tyrant leech (Swamp:1)
  7 polar bears
  A hornet (Swamp:1)
  4 slime creatures
  4 saltlings (Orc:2)
  10 blink frogs
  2 dream sheep (Lair:6)
  A spectral elephant (Lair:6)
  6 spriggans
  Sigmund (D:5)
  37 yaks
  3 wyverns
  A shadow (D:11)
  5 wraiths (D:10)
  A basilisk (D:11)
  Grum (Lair:1)
  2 steam dragons (D:7)
  7 vampire mosquitoes
  2 spectral cane toads (Lair:6)
  Menkaure (D:4)
  An acid dragon (D:8)
  A swamp worm (Swamp:1)
  11 water moccasins
  4 black bears
  5 orc warriors
  A hornet zombie (D:7)
  2 elephant zombies (Lair:6)
  20 wolves
  6 ogres
  5 centaurs
  3 kobold brigands
  6 bullfrogs
  A gnoll sergeant (D:10)
  A scorpion (D:6)
  4 necrophages
  3 wights
  20 killer bees
  2 electric eels
  7 howler monkeys
  A bullfrog zombie (D:7)
  6 hounds
  3 jellies
  3 orc priests
  A bouda (D:5)
  An iguana (D:6)
  7 orc wizards
  A merfolk siren (Sewer)
  A statue (D:4)
  A merfolk avatar (Sewer)
  A killer bee zombie (D:7)
  A mummy (D:5)
  10 gnolls
  10 adders
  5 river rats
  A shadow imp (D:5)
  7 white imps
  A worm (D:3)
  5 dart slugs
  6 orcs
  7 endoplasms
  6 giant cockroaches
  5 goblins
  11 hobgoblins
  2 jackals (D:3)
  4 quokkas
  13 ball pythons
  7 bats
  8 frilled lizards
  12 kobolds
  33 rats
468 creatures vanquished.

Vanquished Creatures (collateral kills)
  A frost giant (IceCv)
  A dire elephant (Lair:6)
  An ettin (Orc:2)
  3 hydras
  Erica (Orc:1)
  2 boulder beetles
  2 catoblepae
  2 centaur warriors (D:13)
  3 two-headed ogres
  2 alligators (Swamp:1)
  6 death yaks
  Urug (D:13)
  Sonja (Lair:2)
  A spectral death yak (Lair:6)
  A goliath frog (Swamp:1)
  A bog body (Lair:1)
  2 necromancers (Lair:6)
  3 orc knights (Orc:2)
  5 orc sorcerers (Orc:2)
  A wizard (D:13)
  A deep elf zephyrmancer (D:13)
  An oklob plant (D:11)
  3 cyclopes
  2 black mambas
  10 elephants
  An ice statue (IceCv)
  A torpor snail (Lair:5)
  7 cane toads
  A rime drake (IceCv)
  5 komodo dragons
  12 slime creatures
  3 meliai (Lair:4)
  11 blink frogs
  A bloated husk (Swamp:1)
  2 dream sheep (Lair:6)
  5 hornets (Swamp:1)
  A saltling (Orc:2)
  A wyvern (Lair:2)
  2 wraiths
  A vampire (D:11)
  9 spriggans
  38 yaks
  A basilisk (Lair:5)
  3 vampire mosquitoes
  An acid dragon (D:12)
  2 water moccasins
  2 orc warriors
  An elephant zombie (Lair:6)
  An ogre (Orc:2)
  7 wolves
  5 centaurs
  3 bullfrogs
  3 wights (D:9)
  27 killer bees
  3 electric eels (Lair:5)
  4 orc priests
  A hound (Lair:2)
  6 orc wizards
  6 white imps (Lair:3)
  5 orcs
  A bat (D:9)
  4 pillars of salt (Orc:2)
244 creatures vanquished.

Vanquished Creatures (others)
  An orc sorcerer (IceCv)
  6 orc warriors
  7 orc knights
  A bloated husk (Swamp:1)
  12 orc wizards
  9 orc priests
  29 orcs
  A kobold (D:5)
  39 fungi
  72 plants
  27 withered plants
204 creatures vanquished.

Grand Total: 916 creatures vanquished

Notes
Turn   | Place    | Note
-------+----------+-------------------------------------------
     0 | D:5      | purpskrrrp the Hill Orc Delver began the quest for the Orb.
     0 | D:5      | Reached XP level 1. HP: 19/19 MP: 1/1
     5 | D:6      | Noticed a black bear
    48 | D:6      | Found a shadowy altar of Dithmenos.
    68 | D:6      | Noticed a scorpion
    96 | D:6      | Found a stormy altar of Qazlal.
   268 | D:4      | Noticed a hound
   278 | D:4      | Killed a hound
   279 | D:4      | Reached XP level 2. HP: 20/27 MP: 2/2
   279 | D:4      | Reached XP level 3. HP: 25/33 MP: 3/3
   387 | D:5      | Noticed a kobold brigand
   450 | D:5      | Became a worshipper of Beogh the Brigand
   533 | D:5      | Noticed an ogre
   742 | D:4      | Noticed Menkaure
   809 | D:3      | Found an ancient bone altar of Kikubaaqudgha.
  1172 | D:3      | Found a glowing drain.
  1238 | Sewer    | Entered a sewer
  1320 | Sewer    | Reached * piety under Beogh
  1464 | Sewer    | Reached XP level 4. HP: 40/40 MP: 4/4
  1480 | Sewer    | Reached skill level 1 in Armour
  1726 | Sewer    | Reached skill level 1 in Long Blades
  1832 | Sewer    | Learned a level 3 spell: Mephitic Cloud
  2050 | Sewer    | Reached XP level 5. HP: 10/46 MP: 5/5
  2420 | Sewer    | Reached ** piety under Beogh
  2713 | Sewer    | Noticed a malarious merfolk avatar
  2800 | Sewer    | Killed a malarious merfolk avatar
  3238 | D:2      | Reached XP level 6. HP: 36/53 MP: 6/6
  3473 | D:2      | Found Xepnurph's Weapon Shop.
  3782 | D:2      | Reached skill level 1 in Invocations
  3836 | D:2      | Reached skill level 5 in Stealth
  4258 | D:1      | Reached *** piety under Beogh
  4405 | D:1      | Reached skill level 1 in Maces & Flails
  5093 | D:3      | Found a faded altar of an unknown god.
  5257 | D:4      | Killed Menkaure
  5258 | D:4      | Reached skill level 2 in Maces & Flails
  5781 | D:4      | Found a radiant altar of Vehumet.
  5785 | D:4      | Reached XP level 7. HP: 45/60 MP: 4/8
  6041 | D:5      | Reached skill level 3 in Maces & Flails
  6437 | D:5      | Reached skill level 4 in Maces & Flails
  6518 | D:5      | Found an iron altar of Okawaru.
  6876 | D:5      | Reached XP level 8. HP: 40/67 MP: 10/10
  6894 | D:5      | Reached skill level 5 in Maces & Flails
  7087 | D:5      | Found a staircase to the Ecumenical Temple.
  7118 | D:5      | Noticed Sigmund
  7120 | D:5      | Killed Sigmund
  7121 | D:5      | Reached skill level 5 in Fighting
  7253 | D:5      | Found an ornate altar of the Wu Jian Council.
  7433 | D:5      | Reached skill level 6 in Maces & Flails
  7799 | D:5      | Found a snail-covered altar of Cheibriados.
  8040 | D:6      | Found a blossoming altar of Fedhas.
  8206 | D:6      | Reached skill level 7 in Maces & Flails
  8239 | D:6      | Reached skill level 5 in Invocations
  8372 | D:6      | Identified the +5 mace of Tezizito {protect, Str+3 Int+3
                  | Stlth-}
  8448 | D:6      | Reached XP level 9. HP: 72/74 MP: 12/12
  8633 | D:6      | Reached skill level 8 in Maces & Flails
  9264 | D:7      | Found a basalt altar of Yredelemnul.
  9713 | D:8      | You fall into a shaft and drop 3 floors!
  9722 | D:11     | Noticed a troll
  9723 | D:11     | Noticed a boulder beetle
  9748 | D:11     | Noticed an oklob plant
  9750 | D:11     | Found a staircase to the Lair.
  9776 | D:11     | Found Ymuis's Book Shoppe.
  9799 | D:11     | Reached skill level 9 in Maces & Flails
  9946 | D:10     | Entered Level 10 of the Dungeon
 10139 | D:10     | Found a glowing golden altar of the Shining One.
 10179 | D:10     | Reached skill level 5 in Armour
 10327 | D:10     | Reached XP level 10. HP: 59/83 MP: 14/14
 10331 | D:10     | Reached skill level 10 in Maces & Flails
 10331 | D:10     | Reached skill level 1 in Throwing
 10637 | D:10     | Noticed Josephine
 10649 | D:10     | Killed Josephine
 10979 | D:10     | Learned a level 3 spell: Stone Arrow
 11013 | D:10     | Noticed an unseen horror
 11029 | D:10     | Killed an unseen horror
 11474 | D:10     | Noticed Maurice
 11489 | D:10     | Reached skill level 11 in Maces & Flails
 11494 | D:10     | Killed Maurice
 12141 | D:9      | Reached XP level 11. HP: 79/92 MP: 17/17
 12927 | D:8      | Found a shimmering blue altar of Sif Muna.
 13066 | D:9      | Gained Hilgar as an ally
 13093 | D:9      | Reached **** piety under Beogh
 13096 | D:9      | Found a shimmering altar of Xom.
 13174 | D:9      | Noticed Harold
 13190 | D:9      | Killed Harold
 13490 | D:9      | Your ally Hilgar died
 14023 | D:9      | Found a broken altar of Ashenzari.
 14805 | D:7      | Noticed a +0 hand axe
 14806 | D:7      | Noticed a +0 dagger
 14809 | D:7      | Found a hide-covered altar of Uskayaw.
 14823 | D:7      | Killed a +0 dagger
 14824 | D:7      | Reached skill level 12 in Maces & Flails
 14845 | D:7      | Killed a +0 hand axe
 15189 | D:7      | Noticed Maggie
 15210 | D:7      | Killed Maggie
 15961 | D:7      | Gained mutation: Your mind is acute. (Int +4, Str/Dex -1)
                  | [potion of mutation]
 15961 | D:7      | Gained mutation: You are agile. (Dex +4, Str/Int -1)
                  | [potion of mutation]
 15962 | D:7      | Lost mutation: You are agile. (Dex +4, Str/Int -1) [potion
                  | of mutation]
 15962 | D:7      | Lost mutation: Your mind is acute. (Int +4, Str/Dex -1)
                  | [potion of mutation]
 15962 | D:7      | Gained mutation: You are frail. (-10% HP) [potion of
                  | mutation]
 15962 | D:7      | Gained mutation: You are very frail. (-20% HP) [potion of
                  | mutation]
 15962 | D:7      | Gained mutation: You are resistant to electric shocks.
                  | (rElec) [potion of mutation]
 16454 | D:10     | Noticed Fannar
 16458 | D:10     | Noticed Joseph
 16466 | D:10     | Killed Fannar
 16467 | D:10     | Reached skill level 1 in Shields
 16472 | D:10     | Killed Joseph
 16694 | D:10     | Found a glowing silver altar of Zin.
 16695 | D:10     | Found an opulent altar of Gozag.
 17161 | D:11     | Found an opulent altar of Gozag.
 17333 | D:11     | Gained Wargath as an ally
 17452 | D:11     | Killed a boulder beetle
 17820 | D:11     | Noticed a cyclops
 17832 | D:11     | Killed a cyclops
 17833 | D:11     | Reached XP level 12. HP: 42/82 MP: 19/19
 18467 | D:12     | Noticed a boulder beetle
 18485 | D:12     | Killed a boulder beetle
 18637 | D:12     | Found a staircase to the Orcish Mines.
 18759 | D:12     | Found Jilay's Distillery.
 18771 | D:12     | Bought 2 potions of curing for 84 gold pieces
 18771 | D:12     | Bought a potion of curing for 42 gold pieces
 18771 | D:12     | Bought a potion of curing for 42 gold pieces
 18771 | D:12     | Bought a potion of heal wounds for 70 gold pieces
 18825 | D:12     | Reached skill level 5 in Axes
 18897 | D:12     | Found Feqe Uluwomm's Armour Emporium.
 18906 | D:12     | Reached skill level 10 in Invocations
 18935 | D:12     | Bought a +2 buckler of protection for 279 gold pieces
 18951 | D:12     | Identified a scroll of acquirement
 18951 | D:12     | Acquired the +2 eveningstar of Lust {venom, Fragile Will+
                  | Int+3 Stlth+}
 19062 | D:12     | Identified the +0 spear of the Dancing Gods {freeze,
                  | Stlth+}
 19623 | D:13     | Noticed a four-headed hydra
 19633 | D:13     | Killed a four-headed hydra
 19634 | D:13     | Reached skill level 13 in Maces & Flails
 19934 | D:13     | Noticed a two-headed ogre
 19944 | D:13     | Killed a two-headed ogre
 20080 | D:13     | Noticed a centaur warrior
 20083 | D:13     | Killed a centaur warrior
 20127 | D:13     | Killed a two-headed ogre
 20144 | D:13     | Found a gate to the Vaults.
 20444 | D:13     | Noticed a centaur warrior
 20450 | D:13     | Killed a centaur warrior
 20480 | D:13     | Noticed Urug
 20495 | D:13     | Killed Urug
 21199 | D:14     | Noticed a centaur warrior
 21201 | D:14     | Noticed a five-headed hydra
 21202 | D:14     | Killed a centaur warrior
 21215 | D:13     | Gained Orkrul as an ally
 21757 | Orc:1    | Entered Level 1 of the Orcish Mines
 21762 | Orc:1    | Gained Jorge as an ally
 21768 | Orc:1    | Your ally Jorge died
 21890 | Orc:1    | Killed Erica
 21891 | Orc:1    | Reached skill level 14 in Maces & Flails
 22062 | Orc:2    | Entered Level 2 of the Orcish Mines
 22153 | Orc:2    | Reached XP level 13. HP: 84/88 MP: 21/21
 22352 | Orc:2    | Reached ***** piety under Beogh
 22473 | Orc:2    | Found Teageff's Antique Armour Shoppe.
 22485 | Orc:2    | Your ally Wargath died
 22487 | Orc:2    | Found Gygeul's Magic Scroll Shoppe.
 22496 | Orc:2    | Gained Blodwig as an ally
 22505 | Orc:2    | Your ally Blodwig died
 22507 | Orc:2    | Gained Wargath as an ally
 22514 | Orc:2    | Your ally Orkrul died
 22761 | Orc:2    | Found a roughly hewn altar of Beogh.
 22762 | Orc:2    | Found Noimeeschim's Magic Scroll Shoppe.
 22775 | Orc:2    | Bought a scroll of identify for 26 gold pieces
 22775 | Orc:2    | Bought a scroll of enchant weapon for 97 gold pieces
 22775 | Orc:2    | Bought a scroll of poison for 45 gold pieces
 22775 | Orc:2    | Bought a scroll of enchant weapon for 97 gold pieces
 22775 | Orc:2    | Bought a scroll of fear for 45 gold pieces
 22810 | Orc:2    | Found Uczu's Assorted Antiques.
 22815 | Orc:2    | Bought a scroll labelled SEUGIT AXT for 31 gold pieces
 22815 | Orc:2    | Bought a scroll of identify for 62 gold pieces
 23115 | Orc:2    | Noticed an ettin
 23117 | Orc:2    | Killed an ettin
 23129 | Orc:2    | Noticed zishaf's ghost (journeyman HuNe)
 23130 | Orc:2    | Found a staircase to the Elven Halls.
 23142 | Orc:2    | Found a transporter.
 23254 | Orc:2    | Bought a scroll of identify for 28 gold pieces
 23254 | Orc:2    | Bought a scroll of identify for 28 gold pieces
 23306 | Orc:2    | Found a transporter.
 23444 | Orc:2    | Killed zishaf's ghost
 23852 | Lair:1   | Entered Level 1 of the Lair of Beasts
 24198 | Lair:1   | Noticed Grum
 24218 | Lair:1   | Killed Grum
 24501 | Lair:1   | Reached skill level 15 in Maces & Flails
 24506 | Lair:1   | Reached skill level 10 in Fighting
 25034 | Lair:2   | Reached skill level 10 in Armour
 25045 | Lair:2   | Found a hole to the Spider Nest.
 25062 | Lair:2   | Noticed Sonja
 25297 | Lair:2   | Found a staircase to the Swamp.
 25373 | Lair:2   | Noticed Nergalle
 25375 | Lair:2   | Killed Nergalle
 25398 | Lair:2   | Killed Sonja
 25402 | Lair:2   | Reached skill level 5 in Shields
 25406 | Lair:2   | Found a dark tunnel.
 25416 | Volcano  | Entered a volcano
 25768 | Volcano  | Noticed a red draconian
 25780 | Volcano  | Killed a red draconian
 26012 | Volcano  | Reached XP level 14. HP: 83/96 MP: 23/23
 27099 | Lair:2   | Reached skill level 16 in Maces & Flails
 27370 | Lair:2   | Reached skill level 1 in Evocations
 27609 | Lair:3   | Found a frozen archway.
 27631 | IceCv    | Entered an ice cave
 27731 | IceCv    | Reached ****** piety under Beogh
 28136 | IceCv    | Noticed a frost giant
 28162 | IceCv    | Killed a frost giant
 29271 | Lair:3   | Found a bloodstained altar of Trog.
 30464 | Lair:4   | Gained Bolgrim as an ally
 31371 | Lair:5   | Your ally Bolgrim died
 31874 | Lair:5   | Found a runed translucent door.
 31874 | Lair:5   | Found a viscous altar of Jiyva.
 31875 | Lair:5   | Found a staircase to the Slime Pits.
 31875 | Lair:5   | Noticed an acid blob
 32013 | Lair:5   | Reached XP level 15. HP: 104/104 MP: 24/24
 32277 | Lair:6   | Entered Level 6 of the Lair of Beasts
 32308 | Lair:6   | Reached skill level 17 in Maces & Flails
 32678 | Lair:6   | Reached skill level 5 in Throwing
 34475 | Lair:6   | Identified the ring "Kiocoe" {Fly Will+ Int+9 Dex-2}
 34738 | Lair:5   | Killed an acid blob
 34830 | Slime:1  | Entered Level 1 of the Pits of Slime
 34890 | Slime:1  | Noticed an azure jelly
 34891 | Slime:1  | Noticed an acid blob
 35088 | Lair:4   | Found the +10 dark maul {vorpal}
 35461 | Lair:4   | Acquired a manual of Invocations
 35624 | Swamp:1  | Entered Level 1 of the Swamp
 35876 | Swamp:1  | Reached skill level 18 in Maces & Flails
 36388 | Swamp:1  | Noticed a fenstrider witch
 36396 | Swamp:1  | Slain by a fenstrider witch

Illustrated notes

Levels and vault maps discovered:
D:1:      dpeg_arrival_windows_large_door, layout_loops_ring
D:2:      layout_loops_cross, serial_shops, nicolae_shop_advertising_works
          [nicolae_subvault_shop_adworks]
D:3:      layout_loops_ring, mainiacjoe_overflow_boulevard,
          portal_sewer_entry_a, hellmonk_ecumenical_altar_lost_god,
          dk_noncrumbling_3, hangedman_decor_growths,
          chequers_serial_rivers_small_3, minivault_25
D:4:      layout_loops_ring, vehumet_statue, uniq_menkaure
D:5:      layout_loops_ring, old_standard_altar, okawaru_gym_becter,
          slow_altar_2, minmay_temple_entry_waves, serial_bayou_lagoon_a,
          uniq_sigmund
D:6:      minmay_bubble_buster, layout_basic,
          mainiacjoe_overflow_surrounded_room, mainiacjoe_overflow_brackets,
          old_standard_altar
D:7:      layout_loops_corners, lemuel_round_altar, dancing_weapons_uskayaw,
          serial_undead, serial_undead_a, serial_undead_f, serial_undead_f,
          serial_undead_c, item_on_display_a, uniq_maggie
D:8:      layout_basic, tgw_sif
D:9:      layout_cave_pools, tgw_xom, mainiacjoe_overflow_catwalk, uniq_harold
D:10:     layout_basic, grunt_temple_overflow_gold_and_silver,
          mainiacjoe_overflow_six_doors_small, uniq_fannar, uniq_joseph,
          uniq_maurice, uniq_josephine
D:11:     layout_stronghold, dpeg_oklobed_lair, serial_shops, shop,
          grunt_gozag_statues
D:12:     layout_basic, orc_david_3, serial_shops, nicolae_shop_crystal
D:13:     layout_loops_corners, david_vaults_1, uniq_urug
D:14:     layout_cave_pools, serial_bayou_pond_d
Lair:1:   hellmonk_ruined_rings, layout_chaotic_city, infiniplex_staircase_pool,
          uniq_grum
Lair:2:   beast_lair_carwin_large_1, layout_gridlike, skrybe_swamp_entry_bodies,
          nicolae_spider_entry_orb_guardian, nicolae_volcano_entry_vermiform,
          uniq_sonja, uniq_nergalle
Lair:3:   layout_hall_layers, basic_altar, portal_ice_cave_entry_imps,
          lemuel_fruit_tree
Lair:4:   wad_woods_minihive, layout_hall_layers, nicolae_lair_yak_garden,
          grunt_megastairs_2
Lair:5:   layout_big_grid, slime_entry_2, chequers_serial_rivers_micro_b,
          disabler_island
Lair:6:   due_jungle_book, layout_small_grid
Swamp:1:  layout_basic_swamp, hangedman_swamp_blocks, swamp_pool3,
          uniq_mlioglotl
Slime:1:  layout_caves
Orc:1:    layout_caves, uniq_erica
Orc:2:    hellmonk_orc_salted, layout_diamond_mine, gammafunk_ghost_arena,
          gauntlet_entry_generic

Skill      XL: |  1  2  3  4  5  6  7  8  9 10 11 12 13 14 15 |
---------------+----------------------------------------------+-----
Fighting       | 4 5 6 7 8 9 10 11 12 | 12.1
Armour         | 1 2 3 4 5 6 7 8 10 11 12 | 12.2
Long Blades    | 1 2 |  2.8
Dodging        | 2 3 4 |  4.9
Invocations    | 2 3 5 6 8 9 10 12 13 14 | 14.1
Stealth        | 5 6 |  6.3
Maces & Flails | 2 4 7 9 11 12 14 15 16 18 | 18.4
Throwing       | 2 3 4 5 |  5.1
Axes           | 4 5 |  5.0
Shields        | 1 3 5 7 8 |  8.7
Evocations     | 1 |  1.2

Action                   |  1- 3 |  4- 6 |  7- 9 | 10-12 | 13-15 || total
-------------------------+-------+-------+-------+-------+-------++-------
Melee: Long sword        |    78 |   190 |       |       |       ||   268
       Punch             |       |     5 |     6 |     1 |       ||    12
       Morningstar       |       |   104 |   198 |    80 |       ||   382
       Mace              |       |       |    99 |   257 |       ||   356
       War axe           |       |       |       |    30 |       ||    30
       Eveningstar       |       |       |       |    61 |   899 ||   960
Throw: Dart              |     7 |    16 |       |    34 |    52 ||   109
       Javelin           |       |       |     7 |    36 |     8 ||    51
       Throwing net      |       |       |       |     3 |       ||     3
Invok: Convert to Beogh  |     1 |       |       |       |       ||     1
       Smiting           |       |     6 |     6 |    12 |    15 ||    39
       Recall Orcish Fol |       |       |       |       |     3 ||     3
       Give Item to Name |       |       |       |       |     2 ||     2
Evoke: Wand              |       |       |       |    12 |    17 ||    29
  Use: Scroll            |     2 |     1 |    17 |    10 |    23 ||    53
       Potion            |       |       |     6 |     7 |    19 ||    32
 Stab: Sleeping          |     4 |    18 |     2 |     1 |       ||    25
       Distracted        |       |       |     1 |     1 |     5 ||     7
       Paralysed         |       |       |       |     5 |       ||     5
       Confused          |       |       |       |     1 |       ||     1
Armor: Leather armour    |    18 |    58 |       |       |       ||    76
       Robe              |       |    16 |       |    28 |       ||    44
       Ring mail         |       |    38 |   155 |    22 |       ||   215
       Chain mail        |       |       |       |   136 |    10 ||   146
       Plate armour      |       |       |       |       |   384 ||   384
       Skin              |       |       |       |       |    10 ||    10
Dodge: Dodged            |    47 |   182 |   176 |   307 |   356 ||  1068
Block: Buckler           |       |       |       |    60 |   150 ||   210
       Kite shield       |       |       |       |       |   372 ||   372

Table legend: (Time is in decaauts)
 A = Elapsed time spent in this place.
 B = Non-inter-level travel time spent in this place.
 C = Inter-level travel time spent in this place.
 D = Time resting spent in this place.
 E = Time spent auto-exploring this place.
 F = Levels seen in this place.
 G = Mean time per level.
                   A        B        C        D        E       F      G
               +--------+--------+--------+--------+--------+-----+--------+
         Total |  37147 |  34685 |   2462 |  11969 |  15777 |  27 | 1375.8 |
       Dungeon |  20376 |  19005 |   1371 |   6370 |   8849 |  14 | 1455.4 |
          Lair |   9918 |   9017 |    901 |   2929 |   4597 |   6 | 1653.0 |
         Swamp |    790 |    790 |      0 |    276 |    370 |   1 |  790.0 |
    Slime Pits |     14 |     14 |      0 |      0 |      0 |   1 |   14.0 |
  Orcish Mines |   1926 |   1737 |    189 |    254 |   1175 |   2 |  963.0 |
         Sewer |   1885 |   1885 |      0 |   1174 |     30 |   1 | 1885.0 |
      Ice Cave |   1545 |   1545 |      0 |    700 |    434 |   1 | 1545.0 |
       Volcano |    690 |    690 |      0 |    266 |    321 |   1 |  690.0 |
               +--------+--------+--------+--------+--------+-----+--------+

Top non-repeatable levels by time:
    D:10: 3385 daAuts
  Lair:6: 2456 daAuts
  Lair:4: 2325 daAuts
   Sewer: 1885 daAuts
     D:7: 1830 daAuts
     D:9: 1793 daAuts
    D:13: 1717 daAuts
  Lair:2: 1695 daAuts
    D:11: 1682 daAuts
     D:5: 1614 daAuts
   Orc:2: 1610 daAuts
     D:4: 1588 daAuts
   IceCv: 1545 daAuts
    D:12: 1524 daAuts
     D:6: 1490 daAuts
